 Dungeon Sprint DCSS version 0.30-a0-177-g1cb5dbfd7a (webtiles) character file.

Game seed: 4080450219441436375

870 mhtbhm the Fighter (level 8, 0/90 HPs)
             Began as a Gargoyle Berserker on Oct 2, 2022.
             Was a Priest of Trog.
             Slain by a boulder beetle (19 damage)
             ... in the Dungeon (Sprint II: "The Violet Keep of Menkaure").
             The game lasted 00:01:35 (1238 turns).

mhtbhm the Fighter (Gargoyle Berserker)             Turns: 1238, Time: 00:01:36

Health: 0/90       AC:  8    Str: 23    XL:     8   Next: 3%
Magic:  8/8        EV: 13    Int:  8    God:    Trog [***...]
Gold:   729        SH:  0    Dex:  9    Spells: 7/7 levels left

rFire   + . .      SeeInvis .    a - +0 mace
rCold   . . .      Faith    .    (no shield)
rNeg    + . .      Spirit   .    b - +0 animal skin
rPois   ∞          Reflect  .    (no helmet)
rElec   +          Harm     .    (no cloak)
rCorr   .          Rampage  .    (no gloves)
Will    .....      NoTele   +    (no boots)
Stlth   ..........               (no amulet)
HPRegen 0.35/turn                (no ring)
MPRegen 0.11/turn                (no ring)

@: berserking, unable to drink, very quick
A: sickness immunity, AC +5, negative energy resistance 1, electricity
resistance, torment resistance 1, petrification resistance, deformed body, fire
resistance 1, shaggy fur 1, inability to drink after injury 1
a: Renounce Religion, Berserk, Trog's Hand


You were in the Dungeon.
You worshipped Trog.
Trog was most pleased with you.
You visited 1 branch You collected 729 gold pieces.

Inventory:

Hand Weapons
 a - a +0 mace (weapon)
Armour
 b - a +0 animal skin (worn)
Scrolls
 h - a scroll of blinking
Potions
 c - a potion of curing
 f - 2 potions of magic
 g - a potion of berserk rage


   Skills:
 + Level 11.6 Fighting
 + Level 11.6 Maces & Flails
 + Level 6.2 Armour
 + Level 4.9 Dodging
 + Level 0.4 Stealth


You had 7 spell levels left.
You didn't know any spells.
Your spell library was empty.

Dungeon Overview and Level Annotations

Branches:
Dungeon (1/1)

Altars:


Innate Abilities, Weirdness & Mutations

You are immune to sickness and miasma.
Your stone body is resilient. (AC +5)
You are immune to poison.
You resist negative energy. (rN+)
You are resistant to electric shocks. (rElec)
You are resistant to unholy torment.
You are immune to petrification.
Armour fits poorly on your strangely shaped body.
Your flesh is heat resistant. (rF+)
You are covered in fur. (AC +1)
You occasionally lose the ability to drink potions when taking damage.


Message History

The boulder beetle barely misses you.
You hit the boulder beetle but do no damage.
The boulder beetle is moderately wounded.
The boulder beetle bites you!!
You are too injured to fight recklessly!
You are too injured to fight recklessly!
You are too injured to fight recklessly!
You are too injured to fight recklessly!
You are too injured to fight recklessly!
You are too injured to fight recklessly!
You are too injured to fight recklessly!
You are too injured to fight recklessly!
You are too injured to fight recklessly!
You are too injured to fight recklessly!
You are too injured to fight recklessly!
You are too injured to fight recklessly!
You are too injured to fight recklessly!
You are too injured to fight recklessly!
You are too injured to fight recklessly!
You are too injured to fight recklessly!
You are too injured to fight recklessly!
You are too injured to fight recklessly!
You are too injured to fight recklessly!
You hit the boulder beetle but do no damage.
The boulder beetle is moderately wounded.
You hit the boulder beetle but do no damage.
The boulder beetle is moderately wounded.
The boulder beetle bites you!
* * * LOW HITPOINT WARNING * * *
You barely miss the boulder beetle.
The boulder beetle is moderately wounded.
You hit the boulder beetle.
The boulder beetle is heavily wounded.
The boulder beetle closely misses you.
Unknown command.
You hit the boulder beetle.
The boulder beetle is heavily wounded.
The boulder beetle bites you!!
You feel threatened and lose the ability to drink potions!
You die...

## ####
#.##..# ##
#.@.# #
#.###B## .##
###.##.##.B.#
+.##'.<.'#
#...##.##..$#
##.###'## .##
####.).## #
#..#..#
##...##


You could see a boulder beetle.

Vanquished Creatures
  A merfolk siren (D)
  4 neqoxecs (D)
  3 worms (D)
8 creatures vanquished.

Vanquished Creatures (others)
  A water moccasin (D)
1 creature vanquished.

Grand Total: 9 creatures vanquished

Notes
Turn   | Place    | Note
-------+----------+-------------------------------------------
     0 | D        | mhtbhm the Gargoyle Berserker began the quest for the Orb.
     0 | D        | Reached XP level 1. HP: 14/14 MP: 1/1
    10 | D        | Reached XP level 2. HP: 20/20 MP: 2/2
    14 | D        | Reached ** piety under Trog
   106 | D        | Noticed a neqoxec
   106 | D        | Noticed a neqoxec
   106 | D        | Noticed a neqoxec
   106 | D        | Noticed a neqoxec
   107 | D        | Gained mutation: You occasionally lose the ability to drink
                  | potions when taking damage. [a neqoxec]
   114 | D        | Killed a neqoxec
   115 | D        | Reached XP level 3. HP: 28/28 MP: 3/3
   115 | D        | Reached XP level 4. HP: 34/34 MP: 4/4
   115 | D        | Reached XP level 5. HP: 38/38 MP: 5/5
   126 | D        | Killed a neqoxec
   127 | D        | Reached XP level 6. HP: 12/45 MP: 6/6
   129 | D        | Gained mutation: Armour fits poorly on your strangely
                  | shaped body. [a neqoxec]
   133 | D        | Gained mutation: You are covered in fur. (AC +1) [a
                  | neqoxec]
   142 | D        | Killed a neqoxec
   143 | D        | Reached skill level 5 in Armour
   148 | D        | Gained mutation: Your flesh is heat resistant. (rF+) [a
                  | neqoxec]
   149 | D        | Killed a neqoxec
   149 | D        | Reached *** piety under Trog
   150 | D        | Reached skill level 10 in Fighting
   150 | D        | Reached skill level 10 in Maces & Flails
   150 | D        | Reached XP level 7. HP: 15/53 MP: 7/7
   296 | D        | Noticed a merfolk siren
   304 | D        | Killed a merfolk siren
   305 | D        | Reached XP level 8. HP: 40/60 MP: 8/8
   530 | D        | Noticed a boulder beetle
   530 | D        | Noticed a boulder beetle
  1238 | D        | Slain by a boulder beetle

Illustrated notes

Levels and vault maps discovered:
D:        the_violet_keep_of_menkaure [sprint2_stairs_cluster_1,
          sprint2_shoproom, sprint2_temple, sprint2_basic_supplies,
          sprint2_obstacle_2, sprint2_obstacle_7, sprint2_obstacle_3,
          sprint2_obstacle_1, sprint2_obstacle_4, sprint2_timed_cluster_1,
          sprint2_smallroom_cluster_1, sprint2_smallroom_final_cluster_1,
          sprint2_transparent_cluster_1, sprint2_second_timed_cluster_1,
          sprint2_sniper_area_1, sprint2_heavy_combat_area_1,
          sprint2_mutation_trap_area_1, sprint2_forest_area_1,
          sprint2_light_combat_area_1, sprint2_behind_water_1,
          sprint2_near_end_vault_1]

Skill      XL: |  1  2  3  4  5  6  7 |
---------------+----------------------+-----
Fighting       | 4 7 8 10 11 | 11.6
Maces & Flails | 7 8 10 11 | 11.6
Armour         | 4 5 6 |  6.2
Dodging        | 3 4 |  4.9
Stealth        | |  0.4

Action                   |  1- 3 |  4- 6 |  7- 9 || total
-------------------------+-------+-------+-------++-------
Melee: Mace              |    17 |    31 |    47 ||    95
Invok: Berserk           |     2 |       |     6 ||     8
  Use: Potion            |       |     2 |       ||     2
Armor: Animal skin       |     1 |     3 |     1 ||     5
Dodge: Dodged            |     5 |     6 |     8 ||    19

Table legend: (Time is in decaauts)
 A = Elapsed time spent in this place.
 B = Non-inter-level travel time spent in this place.
 C = Inter-level travel time spent in this place.
 D = Time resting spent in this place.
 E = Time spent auto-exploring this place.
 F = Levels seen in this place.
 G = Mean time per level.
                   A        B        C        D        E       F      G
               +--------+--------+--------+--------+--------+-----+--------+
         Total |   1282 |   1282 |      0 |   1103 |      0 |   1 | 1282.0 |
       Dungeon |   1282 |   1282 |      0 |   1103 |      0 |   1 | 1282.0 |
               +--------+--------+--------+--------+--------+-----+--------+

Top non-repeatable levels by time:
       D: 1282 daAuts
